 Dungeon Crawl Stone Soup version 0.32-a0-290-g598725c5f2 (webtiles) character file.

Game seed: 2158507380848762647

464 zazu2006 the Cutter (level 7, -1/49 (78) HPs)
             Began as a Gnoll Wanderer on Feb 14, 2024.
             Slain by Jeremiah
             ... wielding a +2 trident of draining
              (3 damage)
             ... on level 7 of the Dungeon.
             The game lasted 00:06:57 (1751 turns).

zazu2006 the Cutter (Gnoll Wanderer)                Turns: 1751, Time: 00:06:58

HP:   -1/49 (78)    AC: 23    Str: 13    XL:     7   Next: 7%
MP:   10/10         EV:  2    Int: 13    God:
Gold: 86            SH:  0    Dex: 10    Spells: 10/10 levels left

rFire   . . .        o - +2 scythe (vamp)
rCold   + . .        (shield currently unavailable)
rNeg    . . .        e - melded +0 leather armour
rPois   +            (helmet currently unavailable)
rElec   .            m - melded +2 cloak
rCorr   .            (gloves currently unavailable)
SInv    .            c - melded +0 pair of boots
Will    .....        (no amulet)
Stlth   +++          k - ring of protection from cold
HPRegen 0.28/turn    (no ring)
MPRegen 0.12/turn

%: no passive effects
@: tree-form, very heavily drained
A: stationary, stasis, torment immunity, boosted hp, (fangs 1), strong nose,
distributed training
a: no special abilities


You were on level 7 of the Dungeon.
You were a tree.
You visited 1 branch of the dungeon, and saw 7 of its levels.

You collected 86 gold pieces.

Inventory:

Hand Weapons
 a - a +2 short sword
 b - a +0 hand axe
 o - a +2 vampiric scythe (weapon)
Armour
 c - a +0 pair of boots (melded)
 e - a +0 leather armour (melded)
 m - a +2 cloak (melded)
Jewellery
 k - a ring of protection from cold (left branch)
Scrolls
 f - 2 scrolls of enchant weapon {unknown}
 h - a scroll of brand weapon {unknown}
 i - 6 scrolls of teleportation {unknown}
 l - a scroll of acquirement {unknown}
 r - a scroll of revelation {unknown}
 u - a scroll of identify {unknown}
 v - a scroll of noise {unknown}
Potions
 d - a potion of attraction
 n - a potion of might {unknown}
 p - a potion of brilliance {unknown}
 s - a potion of invisibility {unknown}
 t - a potion of mutation {unknown}


   Skills:
 + Level 3.5 Fighting
 + Level 7.0 Short Blades
 + Level 2.3 Long Blades
 + Level 3.5 Axes
 + Level 2.3 Maces & Flails
 + Level 2.3 Polearms
 + Level 2.3 Staves
 + Level 2.3 Ranged Weapons
 + Level 2.3 Throwing
 + Level 3.5 Armour
 + Level 2.3 Dodging
 + Level 6.4 Stealth
 + Level 2.3 Shields
 + Level 2.3 Unarmed Combat
 + Level 2.3 Spellcasting
 + Level 1.9 Conjurations
 + Level 1.9 Hexes
 + Level 1.9 Summonings
 + Level 1.9 Necromancy
 + Level 1.9 Translocations
 + Level 1.9 Fire Magic
 + Level 1.9 Ice Magic
 + Level 1.9 Air Magic
 + Level 1.9 Earth Magic
 + Level 1.9 Alchemy
 + Level 2.6 Invocations
 + Level 3.5 Evocations
 + Level 2.1 Shapeshifting


You had 10 spell levels left.
You didn't know any spells.
Your spell library contained the following spells:

 Spells                   Type           Power      Damage    Failure   Level
 Static Discharge         Conj/Air       12%        3-4/arc   17%         2
 Airstrike                Air            3%         2d(1-17)  73%         4
 Summon Lightning Spire   Summ/Air       6%         N/A       73%         4


Dungeon Overview and Level Annotations

Branches:
Dungeon (7/15)
 Temple: D:4-7

Altars:

Shops:
D:1 =   D:5 :

Annotations:
D:7 Jeremiah, Pikel


Innate Abilities, Weirdness & Mutations

You are a tree.
Your roots penetrate the ground, keeping you stationary.
You cannot be teleported.
You are immune to unholy pain and torment.
Your maximum health is greatly increased.
Your equipment is partially melded.
((You have very sharp teeth.))
Your uncanny sense of smell can sniff out nearby items.
Your experience applies equally to all skills.


Message History

You miss the butterfly. You barely miss the butterfly.
You bite the butterfly, but do no damage.
The butterfly disappears in a burst of colours! x2
Jeremiah hops!
Throw: dart (poison)
Press: ? - help, Q - select action Shift-Dir - straight line, f/p - Jeremiah
Aim: Jeremiah, wielding a +2 trident of draining, wearing a +0 robe and wearing an orb of energy (heavily wounded, poisoned, 45% to hit)
You throw a poisoned dart.
The poisoned dart barely misses Jeremiah.
You barely miss the butterfly.
Jeremiah mumbles a slurred invocation.
Something smites you!
You closely miss the butterfly.
Jeremiah looks more healthy.
The butterfly disappears in a burst of colours!
You barely miss the butterfly. You barely miss the butterfly.
Your bite misses the butterfly.
Jeremiah hops!
You miss the butterfly.
The butterfly disappears in a burst of colours!
Jeremiah hits you from afar with a +2 trident of draining.
You feel drained.
Jeremiah hits you from afar with a +2 trident of draining!
* * * LOW HITPOINT WARNING * * *
You feel drained.
* * * LOW HITPOINT WARNING * * *
It was a potion of curing.
You feel better.
The butterfly disappears in a burst of colours!
Jeremiah hits you from afar with a +2 trident of draining.
* * * LOW HITPOINT WARNING * * *
You feel drained.
It was a potion of lignification.
You turn into a tree.
Your +2 cloak melds into your body.
Your +0 pair of boots melds into your body.
Your +0 leather armour melds into your body.
Your roots penetrate the ground.
Jeremiah hits you from afar with a +2 trident of draining!
* * * LOW HITPOINT WARNING * * *
You feel drained.
You die...
Jeremiah asks, "Is it over?
Can I wake up now?"

#.....F.b.....(#.###.....#
#.......5##.##.#.........#
#........##.# #####.....#
#........##.# #.....#
#######..#... #.....#
#..###### #.....#
#........ #######
#.########## #.bbFb♣...b#
############


You could see Jeremiah.

Vanquished Creatures
  Sigmund (D:3)
  A lemure (D:6)
  2 scorpions (D:5)
  2 iguanas
  An orc wizard (D:3)
  3 adders (D:5)
  A dart slug (D:1)
  7 orcs
  6 ball pythons
  2 endoplasms
  2 giant cockroaches
  2 goblins
  5 hobgoblins
  4 jackals (D:2)
  4 kobolds
  A quokka (D:2)
  5 bats
  A rat (D:1)
50 creatures vanquished.

Notes
Turn   | Place    | Note
-------+----------+-------------------------------------------
     0 | D:1      | zazu2006 the Gnoll Wanderer began the quest for the Orb.
     0 | D:1      | zazu2006 set off with the following items: a +2 short
                  | sword, a +0 hand axe, a +0 pair of boots, a potion of
                  | attraction, a +0 leather armour.
     0 | D:1      | Reached XP level 1. HP: 17/17 MP: 1/1
    34 | D:1      | Reached XP level 2. HP: 22/23 MP: 2/2
   140 | D:1      | Found Qichos's One-of-a-Kind Rings.
   192 | D:1      | Reached XP level 3. HP: 28/28 MP: 3/3
   306 | D:1      | Found a faded altar of an unknown god.
   309 | D:1      | Reached skill level 1 in Invocations
   397 | D:2      | Reached skill level 1 in Long Blades
   397 | D:2      | Reached skill level 1 in Maces & Flails
   397 | D:2      | Reached skill level 1 in Polearms
   397 | D:2      | Reached skill level 1 in Staves
   397 | D:2      | Reached skill level 1 in Ranged Weapons
   397 | D:2      | Reached skill level 1 in Throwing
   397 | D:2      | Reached skill level 1 in Dodging
   397 | D:2      | Reached skill level 1 in Shields
   397 | D:2      | Reached skill level 1 in Unarmed Combat
   397 | D:2      | Reached skill level 1 in Spellcasting
   420 | D:2      | Reached skill level 1 in Shapeshifting
   420 | D:2      | Reached XP level 4. HP: 34/34 MP: 5/5
   498 | D:3      | Noticed Sigmund
   523 | D:3      | Killed Sigmund
   524 | D:3      | Reached skill level 1 in Conjurations
   524 | D:3      | Reached skill level 1 in Hexes
   524 | D:3      | Reached skill level 1 in Summonings
   524 | D:3      | Reached skill level 1 in Necromancy
   524 | D:3      | Reached skill level 1 in Translocations
   524 | D:3      | Reached skill level 1 in Fire Magic
   524 | D:3      | Reached skill level 1 in Ice Magic
   524 | D:3      | Reached skill level 1 in Air Magic
   524 | D:3      | Reached skill level 1 in Earth Magic
   524 | D:3      | Reached skill level 1 in Alchemy
   524 | D:3      | Reached XP level 5. HP: 28/41 MP: 5/7
   664 | D:3      | Reached XP level 6. HP: 26/47 MP: 8/8
   993 | D:5      | Entered Level 5 of the Dungeon
  1271 | D:5      | Found Ciadworr's Vocational Training.
  1384 | D:6      | Reached XP level 7. HP: 52/52 MP: 10/10
  1388 | D:6      | Reached skill level 7 in Short Blades
  1579 | D:7      | Noticed Pikel
  1600 | D:7      | Noticed Jeremiah
  1751 | D:7      | HP: 2/52 [Jeremiah/+2 trident of draining (8)]
  1751 | D:7      | Slain by Jeremiah

Illustrated notes

Levels and vault maps discovered:
D:1:      mainiacjoe_arrival_oval_in_oval, layout_loops_cross,
          ebering_ecumenical_altar_webs, nicolae_shop_unique_rings
D:2:      layout_basic, minmay_three_crescents
D:3:      cheibrodos_fertilizer, layout_loops_corners, uniq_sigmund
D:4:      layout_basic, minmay_temple_entry_purple_smoke
D:5:      layout_basic, nicolae_shop_vocational
D:6:      layout_loops_cross
D:7:      layout_basic, uniq_pikel, uniq_jeremiah

Skill      XL: |  1  2  3  4  5  6  7 |
---------------+----------------------+-----
Stealth        | 6 |  6.4
Invocations    | 1 2 |  2.6
Long Blades    | 1 2 |  2.3
Maces & Flails | 1 2 |  2.3
Polearms       | 1 2 |  2.3
Staves         | 1 2 |  2.3
Ranged Weapons | 1 2 |  2.3
Throwing       | 1 2 |  2.3
Dodging        | 1 2 |  2.3
Shields        | 1 2 |  2.3
Unarmed Combat | 1 2 |  2.3
Spellcasting   | 1 2 |  2.3
Shapeshifting  | 1 2 |  2.1
Fighting       | 3 |  3.5
Axes           | 3 |  3.5
Armour         | 3 |  3.5
Conjurations   | 1 |  1.9
Hexes          | 1 |  1.9
Summonings     | 1 |  1.9
Necromancy     | 1 |  1.9
Translocations | 1 |  1.9
Fire Magic     | 1 |  1.9
Ice Magic      | 1 |  1.9
Air Magic      | 1 |  1.9
Earth Magic    | 1 |  1.9
Alchemy        | 1 |  1.9
Evocations     | 3 |  3.5
Short Blades   | 7 |  7.0

Action                     |  1- 3 |  4- 6 |  7- 9 || total
---------------------------+-------+-------+-------++-------
  Melee: Short sword       |    93 |    83 |    36 ||   212
         Bite              |     7 |     6 |     9 ||    22
         Halberd           |       |       |    19 ||    19
  Throw: Dart              |       |    20 |     4 ||    24
    Use: Potion            |       |       |     2 ||     2
   Stab: Sleeping          |     3 |       |       ||     3
 Armour: Leather armour    |    38 |    57 |    25 ||   120
         Skin              |       |       |     1 ||     1
  Dodge: Dodged            |    60 |    39 |    14 ||   113

Table legend: (Time is in decaauts)
 A = Elapsed time spent in this place.
 B = Non-inter-level travel time spent in this place.
 C = Inter-level travel time spent in this place.
 D = Time resting spent in this place.
 E = Time spent auto-exploring this place.
 F = Levels seen in this place.
 G = Mean time per level.
                   A        B        C        D        E       F      G
               +--------+--------+--------+--------+--------+-----+--------+
         Total |   1683 |   1654 |     29 |     66 |    813 |   7 |  240.4 |
       Dungeon |   1683 |   1654 |     29 |     66 |    813 |   7 |  240.4 |
               +--------+--------+--------+--------+--------+-----+--------+

Top non-repeatable levels by time:
     D:5: 331 daAuts
     D:1: 321 daAuts
     D:6: 262 daAuts
     D:4: 257 daAuts
     D:3: 231 daAuts
     D:2: 141 daAuts
     D:7: 138 daAuts
